 Dungeon Crawl Stone Soup version 0.21.1-1-g345015fe64 (webtiles) character file.

10885 KamiKatze the Cleaver (level 11, -1/119 HPs)
             Began as an Ogre Fighter on Feb 23, 2018.
             Was a High Priest of Okawaru.
             Slain by an orange demon (13 damage)
             ... summoned by a kobold demonologist
             ... on level 11 of the Dungeon.
             The game lasted 00:48:38 (13390 turns).

KamiKatze the Cleaver (Ogre Fighter)               Turns: 13390, Time: 00:48:38

Health: -1/119     AC:  6    Str: 23      XL:     11   Next: 69%
Magic:  14/14      EV: 12    Int: 12      God:    Okawaru [*****.]
Gold:   621        SH: 10    Dex:  9 (10) Spells: 10/10 levels left

rFire    . . .     SeeInvis +   a - +1 war axe (venom)
rCold    . . .     Gourm    .   c - +0 shield
rNeg     . . .     Faith    .   d - +0 robe
rPois    .         Spirit   .   (helmet restricted)
rElec    .         Reflect  .   K - +2 cloak "Veutuude" {SInv Stlth+}
rCorr    +         Harm     .   (gloves unavailable)
MR       +....                  (boots unavailable)
Stlth    ++........             t - amulet of magic regeneration
HPRegen  0.29/turn              o - +3 ring of intelligence
MPRegen  0.39/turn              x - ring of resist corrosion

@: weakened
A: large, unfitting armour, tough skin 1, subdued magic 1
a: Heroism, Finesse, Renounce Religion


You were on level 11 of the Dungeon.
You worshipped Okawaru.
Okawaru was extremely pleased with you.
You were not hungry.

You visited 3 branches of the dungeon, and saw 13 of its levels.
You also visited: Sewer.

You collected 621 gold pieces.

Inventory:

Hand Weapons
 a - a +1 war axe of venom (weapon)
 b - a +5 morningstar
 u - a +0 blowgun
 w - a +1 war axe of freezing
 B - a +0 falchion of holy wrath
Missiles
 q - 52 poisoned needles
 z - 8 poisoned tomahawks (quivered)
 C - 8 javelins
 I - 2 tomahawks
Armour
 c - a +0 shield (worn)
 d - a +0 robe (worn)
 K - the +2 cloak "Veutuude" (worn) {SInv Stlth+}
   (You found it on level 6 of the Dungeon)

   It lets you see invisible.
   It makes you more stealthy.
Magical Staves
 y - an uncursed staff of death
Jewellery
 o - a +3 ring of intelligence (left hand)
 t - an amulet of magic regeneration (around neck)
 x - a ring of resist corrosion (right hand)
Wands
 g - a wand of enslavement (8)
 r - a wand of flame (47)
 D - a wand of acid (10)
Scrolls
 h - a scroll of fear
 j - 5 scrolls of teleportation
 k - 5 scrolls of remove curse
 n - 5 scrolls of fog
 A - 2 scrolls of immolation
 O - 3 scrolls of identify
Potions
 e - a potion of cancellation {unknown}
 i - 3 potions of flight
 l - 3 potions of brilliance
 m - 2 potions of agility
 p - 3 potions of curing
 v - a potion of lignification
 F - a potion of haste
 J - 2 potions of resistance
 M - a potion of ambrosia
Comestibles
 f - 16 rations
 G - 9 chunks of flesh


   Skills:
 + Level 10.9 Fighting
 * Level 11.3 Axes
 + Level 7.7 Dodging
 + Level 7.8 Shields
 + Level 4.6 Invocations


You had 10 spell levels left.
You didn't know any spells.

Dungeon Overview and Level Annotations

Branches:
Dungeon (11/15)            Temple (1/1) D:4            Lair (1/6) D:8
    Orc (0/2) D:9

Altars:
Ashenzari
Cheibriados
Dithmenos
Elyvilon
Fedhas
Gozag
Hepliaklqana
Kikubaaqudgha
Makhleb
Nemelex Xobeh
Okawaru
Qazlal
Ru
Sif Muna
Trog
Uskayaw
Vehumet
Wu Jian
Xom
Yredelemnul
Zin
The Shining One

Shops:
D:6 !

Annotations:
D:6 exclusion: ugly thing
D:8 Dommiel19's ghost, novice MfBe
D:10 Josephine
Lair:1 Fannar


Innate Abilities, Weirdness & Mutations

You are too large for most types of armour.
You have tough skin. (AC +1)
Your spells are a little easier to cast, but a little less powerful.


Message History

You kill the shadow imp!
You slash the iron imp!
You kill the iron imp!
You slash the orange demon!
The orange demon looks even sicker.
The orange demon barely misses you. The orange demon hits you.
You feel your attacks grow feeble.
You block the kobold demonologist's attack.
The shadow imp closely misses you.
You hit the kobold demonologist.
The kobold demonologist is poisoned.
The kobold demonologist is lightly wounded.
You hit the sun demon. You hit the orange demon.
The orange demon looks as sick as possible!
You barely miss the shadow imp.
The red devil hits you from afar with a trident!
The sun demon hits you!
* * * LOW HITPOINT WARNING * * *
You are engulfed in flames!!
* * * LOW HITPOINT WARNING * * *
The orange demon stings you!
You die...

#. #...###########
#.......(.....#
....##K###...# .
#5@3K#...## ##
#..4.#....# #..
#...4#....# +..
#....#....#######..
#....#.............
######.............
....######......
..... ##..... ....#
#.....


You could see a sun demon, an orange demon, a kobold demonologist, a red devil,
a shadow imp and a kobold.

Vanquished Creatures
  An unseen horror (D:11)
  Maurice (D:10)
  Psyche (D:9)
  3 kobold demonologists (D:11)
  2 hippogriffs
  Grinder (D:5)
  3 yaks (D:11)
  3 wraiths (D:10)
  A human (D:8)
  3 hungry ghosts
  Grum (D:10)
  A soldier ant (D:10)
  A water moccasin (D:9)
  5 porcupines (D:8)
  8 orc warriors
  3 ice beasts
  3 sky beasts
  3 black bears
  4 centaurs
  7 ogres
  3 wolves (D:10)
  A necrophage (D:9)
  A crocodile (D:7)
  A big kobold (D:11)
  5 bullfrogs
  A water moccasin zombie (D:5)
  6 scorpions
  7 wights
  5 howler monkeys
  A centaur zombie (D:6)
  A bullfrog zombie (D:7)
  8 crimson imps
  2 quasits
  4 hounds
  10 orc priests
  4 jellies
  A centaur skeleton (D:8)
  14 orc wizards
  An iguana (D:9)
  7 worker ants
  A hound zombie (D:8)
  A hound skeleton (D:4)
  A howler monkey zombie (D:9)
  2 worker ant zombies
  13 adders
  A howler monkey skeleton (D:7)
  5 river rats (Sewer)
  5 shadow imps
  2 oozes
  An adder skeleton (D:4)
  A worm (D:4)
  3 dart slugs
  5 leopard geckos
  49 orcs
  3 ball pythons (Sewer)
  7 bats
  11 giant cockroaches
  2 goblins (D:1)
  7 hobgoblins
  13 jackals
  6 quokkas
  9 frilled lizards
  22 kobolds
  16 rats
324 creatures vanquished.

Vanquished Creatures (others)
  22 fungi (D:8)
  6 plants (D:8)
28 creatures vanquished.

Grand Total: 352 creatures vanquished

Notes
Turn   | Place    | Note
-------+----------+-------------------------------------------
     0 | D:1      | KamiKatze the Ogre Fighter began the quest for the Orb.
     0 | D:1      | Reached XP level 1. HP: 24/24 MP: 1/1
    78 | D:1      | Reached XP level 2. HP: 22/32 MP: 2/2
   627 | D:1      | Reached XP level 3. HP: 39/39 MP: 3/3
  1210 | D:2      | Reached skill level 3 in Axes
  1210 | D:2      | Reached XP level 4. HP: 14/49 MP: 4/4
  1373 | D:2      | HP: 2/49 [adder (4)]
  1984 | D:2      | Reached XP level 5. HP: 43/55 MP: 5/5
  2493 | D:3      | Reached skill level 5 in Fighting
  2892 | D:4      | Found a staircase to the Ecumenical Temple.
  2938 | D:4      | Reached skill level 4 in Axes
  2938 | D:4      | Reached XP level 6. HP: 58/66 MP: 6/6
  3346 | D:4      | Found a glowing drain.
  3370 | Sewer    | Entered a sewer
  4131 | D:5      | Entered Level 5 of the Dungeon
  4178 | D:5      | Reached XP level 7. HP: 67/74 MP: 7/7
  4192 | Temple   | Entered the Ecumenical Temple
  4450 | Temple   | Became a worshipper of Warmaster Okawaru
  4526 | D:5      | Noticed Grinder
  4543 | D:4      | Reached skill level 5 in Axes
  4740 | D:5      | Killed Grinder
  4748 | D:5      | Reached * piety under Okawaru
  5040 | D:5      | Reached XP level 8. HP: 68/84 MP: 8/8
  5469 | D:6      | Found Arilaki's Distillery.
  5503 | D:6      | Reached skill level 6 in Axes
  5771 | D:6      | Got a brightly glowing cloak
  5777 | D:6      | Identified the +2 cloak "Veutuude" {SInv Stlth+} (You found it on level 6 of the Dungeon)
  5950 | D:6      | Reached skill level 5 in Dodging
  5950 | D:6      | Reached skill level 5 in Shields
  6302 | D:6      | Reached ** piety under Okawaru
  6302 | D:6      | Reached skill level 7 in Axes
  6365 | D:6      | Found an ancient bone altar of Kikubaaqudgha.
  6849 | D:6      | Noticed a purple ugly thing
  6906 | D:7      | Reached XP level 9. HP: 81/93 MP: 9/9
  7289 | D:7      | Reached skill level 8 in Axes
  7369 | D:7      | Reached *** piety under Okawaru
  7604 | D:7      | Found a sacrificial altar of Ru.
  7946 | D:8      | Noticed Dommiel19's ghost (novice MfBe)
  8267 | D:8      | Noticed a troll
  8268 | D:8      | Noticed a purple ugly thing
  8269 | D:8      | Noticed a six-headed hydra
  8279 | D:8      | Noticed a tengu conjurer
  8401 | D:8      | Reached XP level 10. HP: 30/107 MP: 8/10
  8404 | D:8      | Reached skill level 9 in Axes
  8701 | D:8      | Reached **** piety under Okawaru
  9009 | D:8      | Found a staircase to the Lair.
  9630 | D:8      | Reached skill level 1 in Invocations
 10319 | Lair:1   | Entered Level 1 of the Lair of Beasts
 10345 | Lair:1   | Noticed Fannar
 10673 | D:9      | Found a staircase to the Orcish Mines.
 10784 | D:9      | Reached skill level 10 in Axes
 11017 | D:9      | Noticed Psyche
 11033 | D:9      | Killed Psyche
 11033 | D:9      | Reached skill level 10 in Fighting
 11033 | D:9      | Reached ***** piety under Okawaru
 11133 | D:9      | Reached XP level 11. HP: 87/116 MP: 13/13
 11614 | D:10     | Entered Level 10 of the Dungeon
 11657 | D:10     | Noticed Maurice
 11683 | D:10     | Killed Maurice
 11702 | D:10     | Noticed Grum
 11716 | D:10     | HP: 4/119 [Grum/spear (17)]
 12485 | D:10     | Killed Grum
 12485 | D:10     | Received a gift from Okawaru
 12661 | D:10     | Noticed Josephine
 13158 | D:11     | Reached skill level 11 in Axes
 13212 | D:11     | Noticed an unseen horror
 13218 | D:11     | Killed an unseen horror
 13375 | D:11     | Noticed a sixfirhy
 13376 | D:11     | Gained mutation: Your spells are a little easier to cast, but a little less powerful. [a neqoxec]
 13377 | D:11     | Received a gift from Okawaru
 13387 | D:11     | Noticed a sun demon
 13390 | D:11     | Slain by an orange demon

Skill      XL: |  1  2  3  4  5  6  7  8  9 10 11 |
---------------+----------------------------------+-----
Dodging        | 3 4 5 6 7 |  7.7
Shields        | 3 4 5 6 7 |  7.8
Axes           | 3 4 5 7 8 10 11 | 11.3
Fighting       | 5 6 7 9 10 | 10.9
Invocations    | 2 4 |  4.6

Action                   |  1- 3 |  4- 6 |  7- 9 | 10-12 || total
-------------------------+-------+-------+-------+-------++-------
Melee: War axe           |    76 |   326 |   361 |   461 ||  1224
Throw: Tomahawk          |       |       |     2 |     5 ||     7
       Javelin           |       |       |       |    11 ||    11
       Throwing net      |       |       |       |     1 ||     1
Invok: Heroism           |       |       |     1 |       ||     1
  Use: Scroll            |     3 |     9 |     9 |     4 ||    25
       Potion            |     1 |     1 |     5 |     4 ||    11
 Stab: Sleeping          |     2 |     2 |     3 |     1 ||     8
       Distracted        |       |     1 |       |       ||     1
  Eat: Chunk             |     1 |    10 |    12 |    18 ||    41
       Ration            |       |       |     1 |     2 ||     3
Armor: Robe              |    29 |    74 |    50 |   101 ||   254
Dodge: Dodged            |    34 |   121 |   111 |   206 ||   472
Block: Shield            |    51 |   137 |   154 |   263 ||   605
